 Dungeon Crawl Stone Soup version 0.27-a0-1200-g94dc6ad4cf (webtiles) character file.

Game seed: 15787786864889780678

7 spiderkeys the Skirmisher (level 2, 0/24 HPs)
             Began as a Merfolk Abyssal Knight on June 1, 2021.
             Was a Follower of Lugonu.
             Slain by a starspawn tentacle (1 damage)
             ... attached to a tentacled starspawn
             ... while petrified by an ancient lich
             ... on level 1 of the Abyss.
             The game lasted 00:00:45 (154 turns).

spiderkeys the Skirmisher (Merfolk Abyssal Knight)   Turns: 154, Time: 00:00:46

Health: 0/24       AC:  3    Str: 12    XL:     2   Next: 4%
Magic:  3/3        EV: -1    Int: 11    God:    Lugonu [*.....]
Gold:   17         SH:  0    Dex: 13    Spells: 1/1 levels left

rFire    . . .     SeeInvis .   a - +1 spear
rCold    . . .     Faith    .   (no shield)
rNeg     + + +     Spirit   .   b - +0 leather armour
rPois    ∞         Reflect  .   (no helmet)
rElec    .         Harm     .   (no cloak)
rCorr    .         Rampage  .   (no gloves)
Will     .....                  (no boots)
Stlth    +.........             (no amulet)
HPRegen  0.08/turn              (no ring)
MPRegen  0.08/turn              (no ring)

@: petrified, constricted
A: (nimble swimmer 2), mertail
a: Renounce Religion, Depart the Abyss


You were on level 1 of the Abyss.
You worshipped Lugonu.
Lugonu was aware of your devotion.
You visited 0 branches of the dungeon, and saw 0 of its levels.
You visited the Abyss 1 time.

You collected 17 gold pieces.


Innate Abilities, Weirdness & Mutations

((You are quick and stealthy near water. (Stealth+, EV+, Speed+++)))
Your lower body shifts to a powerful aquatic tail in water.


   Skills:
 + Level 3.4 Fighting
 + Level 3.2 Polearms
 + Level 0.8 Armour
 + Level 2.9 Dodging
 + Level 2.1 Invocations


You had one spell level left.
You didn't know any spells.
Your spell library was empty.

Inventory:

Hand Weapons
 a - a +1 spear (weapon)
Missiles
 c - 17 sling bullets
Armour
 b - a +0 leather armour (worn)

Dungeon Overview and Level Annotations

Branches:
Dungeon (0/15)

Altars:

..# .. ... #.. .. ##.#
##.### ##...###....##.
#.....#....# . .
...........#...##
.#.....#w@....##.###
#... ##.X#......# ...
.#...§L##.###. .# ..
.....§#t..##.# #..
.....#...#X.#.#§..#...
..## .####.##X#. . ...
# ##. #..#55..#.###.
#. ##.5...#.#. .. #
##...##.#..#


You could see an ancient lich, a tentacled starspawn, a starspawn tentacle and a
friendly apocalypse crab (summoned).


Message History

🤖 Initializing magus.rc ...
Options error: Delay interrupt name "hungry" not recognised. (~/.crawlrc:4988) ✅ Successfully initialized magus.rc [v1.9.10] Welcome, spiderkeys the Merfolk Abyssal Knight.
Will you prevail where others failed? Will you find the Orb of Zot?
Lugonu says: Depart the Abyss and spread corruption, my servant! (use the ability menu to exit the Abyss) Press ? for a list of commands and other information.
Found a corrupted altar of Lugonu.
Found a gateway leading out of the Abyss.
Unknown command.
Press < or > to pray at altars.
You now have 4 gold pieces.
You now have 17 gold pieces (gained 13).
c - 17 sling bullets A white imp materialises.
A white imp is nearby!
d - a scroll labelled WAOKHL LOADAONU
As you read the scroll labelled WAOKHL LOADAONU, it crumbles to dust.
Wisps of shadow whirl around you...
It was a scroll of summoning.
You swap places.
Something hits your apocalypse crab but does no damage.
Something closely misses your hell hog.
Your hell hog bites the white imp!
Your hell hog is moving more slowly.
Your hell hog bites the shadow imp!
The shadow imp dies!
Your hell hog dissolves into shadows!
Tentacles burst from the starspawn's body! 2 starspawn tentacles come into view.
What are your orders? t - Shout!
Orders for allies: a - Attack new target. r - Retreat! s - Stop attacking. g - Guard the area. f - Follow me.
Anything else - Cancel.
Gang up on whom?
Press: ? - help, Dir - move target, f - starspawn tentacle
Aim: a starspawn tentacle Attack!
Your hell hog stops moving altogether!
The starspawn tentacle grabs your hell hog.
The starspawn tentacle constricts your hell hog.
A starspawn tentacle comes into view.
Your hell hog barely misses the starspawn tentacle.
An ancient lich comes into view.
Your iron imp hits the starspawn tentacle.
Your hell hog bites the starspawn tentacle but does no damage.
The tentacle pulls your hell hog backwards!
The starspawn tentacle constricts your hell hog.
Your hell hog dissolves into shadows!
Your hell hog struggles to escape constriction.
A tentacle flies out from the starspawn's body!
Your hell hog is constricted.
A starspawn tentacle comes into view.
The ancient lich points at you and mumbles some strange words.
You are slowing down.
Your hell hog bites the starspawn tentacle but does no damage.
A tentacled starspawn comes into view.
Your hell hog is constricted.
Your hell hog struggles to escape constriction.
Your limbs are stiffening.
The starspawn tentacle loses its grip on your hell hog.
Your hell hog dissolves into shadows!
The white imp hits your iron imp but does no damage.
Your iron imp hits the white imp.
The white imp dies!
You have turned to stone.
You have reached level 2!
The tentacled starspawn bites your apocalypse crab!
The tentacled starspawn tentacle-slaps your apocalypse crab.
Your apocalypse crab bites the tentacled starspawn but does no damage.
Your apocalypse crab claws the tentacled starspawn.
Your apocalypse crab freezes the tentacled starspawn!
Your iron imp hits the tentacled starspawn but does no damage.
Your white imp hits the tentacled starspawn.
Your white imp freezes the tentacled starspawn.
A tentacle flies out from the starspawn's body!
A starspawn tentacle comes into view.
Your apocalypse crab bites the starspawn tentacle!
The starspawn tentacle is engulfed in flames!
Your apocalypse crab claws the starspawn tentacle but does no damage.
The starspawn tentacle grabs you. The starspawn tentacle constricts you.
The starspawn tentacle grabs your apocalypse crab.
The starspawn tentacle constricts your apocalypse crab.
A starspawn tentacle comes into view.
Your apocalypse crab bites the starspawn tentacle.
The starspawn tentacle is destroyed!
Something bites your apocalypse crab!!!
Something closely misses your apocalypse crab.
The tentacled starspawn bites you!!!
Ouch! That really hurt!
* * * LOW HITPOINT WARNING * * *
The tentacled starspawn tentacle-slaps you!
* * * LOW HITPOINT WARNING * * *
You die...

Action                   || total
-------------------------++-------
  Use: Scroll            ||     1

Levels and vault maps discovered:
Abyss:1:  base: Temple, base:
Temple

Notes
Turn   | Place    | Note
-------+----------+-------------------------------------------
     0 | Abyss:1  | spiderkeys the Merfolk Abyssal Knight began the quest for
                  | the Orb.
     0 | Abyss:1  | Reached XP level 1. HP: 18/18 MP: 2/2
     0 | Abyss:1  | magus.rc [v1.9.10]
   140 | Abyss:1  | Noticed a tentacled starspawn
   146 | Abyss:1  | Noticed an ancient lich
   149 | Abyss:1  | Noticed a tentacled starspawn
   151 | Abyss:1  | Reached XP level 2. HP: 24/24 MP: 3/3
   154 | Abyss:1  | HP: 5/24 [tentacled starspawn (18)]
   154 | Abyss:1  | HP: 1/24 [tentacled starspawn (4)]
   154 | Abyss:1  | Slain by a starspawn tentacle

Vanquished Creatures (collateral kills)
  A shadow imp (Abyss:1)
  A white imp (Abyss:1)
  A starspawn tentacle (Abyss:1)
3 creatures vanquished.

Vanquished Creatures (others)
  6 starspawn tentacles (Abyss:1)
6 creatures vanquished.

Grand Total: 9 creatures vanquished

Table legend:
 A = Non-vault XP
 B = Vault XP
 C = Vault XP percentage of total XP
 D = Non-vault monster count
 E = Vault monster count
 F = Vault count percentage of total count
                 A         B        C        D         E       F
            +---------+---------+-------+---------+---------+-------
      Total |      11 |       0 |   0.0 |       2 |       0 |   0.0
            +---------+---------+-------+---------+---------+-------
    Abyss:1 |      11 |       0 |   0.0 |       2 |       0 |   0.0
            +---------+---------+-------+---------+---------+-------

Illustrated notes

Table legend:
 A = Kills in this place as a percentage of kills in entire the game.
 B = Kills by you in this place as a percentage of kills by you in the entire game.
 C = Kills by friends in this place as a percentage of kills by friends in the entire game.
 D = Other kills in this place as a percentage of other kills in the entire game.
 E = Experience gained in this place as a percentage of experience gained in the entire game.
 F = Experience gained in this place divided by the number of levels of this place that you have seen.
                   A       B       C       D       E      F
               +-------+-------+-------+-------+-------+----------------------
         Total | 100.0 |   N/A | 100.0 |   N/A | 100.0 |  11.0
         Abyss | 100.0 |   N/A | 100.0 |   N/A | 100.0 |  11.0
               +-------+-------+-------+-------+-------+----------------------

Table legend: (Time is in decaauts)
 A = Elapsed time spent in this place.
 B = Non-inter-level travel time spent in this place.
 C = Inter-level travel time spent in this place.
 D = Time resting spent in this place.
 E = Time spent auto-exploring this place.
 F = Levels seen in this place.
 G = Mean time per level.
                   A        B        C        D        E       F      G
               +--------+--------+--------+--------+--------+-----+--------+
         Total |    155 |    155 |      0 |      0 |    114 |   1 |  155.0 |
         Abyss |    155 |    155 |      0 |      0 |    114 |   1 |  155.0 |
               +--------+--------+--------+--------+--------+-----+--------+

Top non-repeatable levels by time:
 Abyss:1: 155 daAuts
